 Dungeon Crawl Stone Soup version 0.28-a0-239-g68911e0c57 (webtiles) character file.

Game seed: 16679162106678594280

305 comborobin the Ruffian (level 6, -5/47 HPs)
             Began as a Palentonga Warper on Aug 24, 2021.
             Splashed by a jelly's acid (6 damage)
             ... on level 4 of the Dungeon.
             The game lasted 00:02:44 (4147 turns).

comborobin the Ruffian (Palentonga Warper)          Turns: 4147, Time: 00:02:45

Health: -5/47      AC: -10   Str: 14    XL:     6   Next: 16%
Magic:  9/9        EV:  9    Int: 14    God:
Gold:   150        SH:  0    Dex: 17    Spells: 7/9 levels left

rFire   . . .      SeeInvis +     - Unarmed
rCold   . . .      Faith    .   (no shield)
rNeg    . . .      Spirit   .   a - +0 leather armour
rPois   .          Reflect  .   (no helmet)
rElec   .          Harm     .   (no cloak)
rCorr   .          Rampage  .   j - +0 pair of gloves
Will    .....                   (no barding)
Stlth   +.........              (no amulet)
HPRegen 0.15/turn               e - +6 ring of dexterity
MPRegen 0.11/turn               (no ring)

@: corroded
A: large, rugged brown scales 3, see invisible, deformed body, roll 1, armoured
tail
a: Rolling Charge


You were on level 4 of the Dungeon.
You visited 1 branch of the dungeon, and saw 4 of its levels.

You collected 150 gold pieces.

Inventory:

Missiles
 c - 5 boomerangs of dispersal (quivered)
 h - 5 boomerangs
Armour
 a - a +0 leather armour (worn)
 j - a +0 pair of gloves (worn)
Jewellery
 e - a +6 ring of dexterity (left hand)
Scrolls
 b - 2 scrolls of blinking
 d - 2 scrolls of enchant armour {unknown}
 f - 2 scrolls of magic mapping {unknown}
 i - a scroll of amnesia {unknown}
 l - a scroll of identify {unknown}
Potions
 g - a potion of degeneration {unknown}
 k - a potion of ambrosia {unknown}
 m - a potion of might {unknown}


   Skills:
 - Level 2.0 Fighting
 - Level 0.6 Throwing
 - Level 0.7 Armour
 - Level 1.5 Dodging
 + Level 6.6 Unarmed Combat
 - Level 2.0 Spellcasting
 - Level 3.0 Translocations


You had 7 spell levels left.
You knew the following spells:

 Your Spells              Type           Power      Damage    Failure   Level
b - Blink                 Tloc           N/A        N/A       13%         2

Your spell library contained the following spells:

 Spells                   Type           Power      Damage    Failure   Level
 Gell's Gravitas          Tloc           4%         N/A       26%         3
 Lesser Beckoning         Tloc           4%         N/A       26%         3
 Teleport Other           Tloc           9%         N/A       26%         3
 Manifold Assault         Tloc           9%         N/A       94%         5


Dungeon Overview and Level Annotations

Branches:
Dungeon (4/15)
 Temple: D:4-7

Altars:
The Shining One


Innate Abilities, Weirdness & Mutations

You are completely covered in rugged brown scales. (AC +3, +7% HP)
You have supernaturally acute eyesight. (SInv)
Armour fits poorly on your strangely shaped body.
You can roll at nearby foes to attack.
You have a long armoured tail.


Message History

You kill the goblin!
No target in view!
No target in view!
Things that are here:
a +0 dagger; a goblin corpse A jelly comes into view.
Found a stone staircase leading down.
There is an open door here.
The jelly quivers.
A jelly is nearby!
The jelly closely misses you.
A jelly is nearby!
You hit the jelly but do no damage.
Your hands burn!
The jelly hits you but does no damage.
A jelly is nearby!
You hit the jelly. The acid corrodes you!
Your hands burn!
The jelly is moderately wounded.
The jelly hits you. The acid corrodes you!
You are splashed with acid!
You hit the jelly but do no damage.
Your hands burn!
You tail-slap the jelly, but do no damage.
The jelly is moderately wounded.
The jelly hits you. The acid corrodes you!
You are splashed with acid.
You are too injured to fight recklessly!
You hit the jelly.
Your hands burn!
The jelly is heavily wounded.
You hit the jelly. The acid corrodes you!
Your hands burn!
The jelly is severely wounded.
The jelly closely misses you.
You barely miss the jelly.
The jelly is severely wounded.
The jelly hits you.
You are splashed with acid!
* * * LOW HITPOINT WARNING * * *
You hit the jelly but do no damage.
Your hands burn!
* * * LOW HITPOINT WARNING * * *
You tail-slap the jelly, but do no damage.
The jelly is severely wounded.
The jelly hits you.
* * * LOW HITPOINT WARNING * * *
The acid corrodes you!
You are splashed with acid.
You die...

#.. #.# #.# #.# .#
#####.# ##########.#
#.....###...........
#.....'.............
#.....###...........
#....@# #.........#
#....J# #.........#
#.....# #.........#
#.....###.........#
#.....##..........####
########.....P........
#.....♣♣.......
###..............
#......#..#####..


You could see a jelly.

Vanquished Creatures
  A scorpion (D:4)
  An iguana (D:4)
  4 orc wizards
  Natasha (twice) (D:2)
  2 adders
  A worm (D:2)
  5 orcs
  5 endoplasms
  3 giant cockroaches
  8 goblins
  5 hobgoblins
  2 quokkas (D:2)
  4 ball pythons
  2 bats (D:2)
  3 frilled lizards (D:3)
  3 kobolds
  5 rats
56 creatures vanquished.

Notes
Turn   | Place    | Note
-------+----------+-------------------------------------------
     0 | D:1      | comborobin the Palentonga Warper began the quest for the
                  | Orb.
     0 | D:1      | Reached XP level 1. HP: 17/17 MP: 3/3
   783 | D:1      | Reached XP level 2. HP: 23/23 MP: 5/5
   786 | D:1      | Learned a level 2 spell: Blink
  1251 | D:2      | Reached skill level 3 in Unarmed Combat
  1763 | D:2      | Noticed Natasha
  1771 | D:2      | Killed Natasha
  1772 | D:2      | Reached skill level 4 in Unarmed Combat
  1772 | D:2      | Reached XP level 3. HP: 16/28 MP: 6/6
  2052 | D:2      | Noticed Natasha
  2057 | D:2      | Killed Natasha
  2058 | D:2      | Reached XP level 4. HP: 19/35 MP: 7/7
  2471 | D:3      | Found a faded altar of an unknown god.
  2875 | D:3      | Reached skill level 5 in Unarmed Combat
  2966 | D:3      | Reached XP level 5. HP: 36/40 MP: 8/8
  3311 | D:3      | Found a glowing golden altar of the Shining One.
  3595 | D:4      | Reached skill level 6 in Unarmed Combat
  3931 | D:4      | Reached XP level 6. HP: 35/47 MP: 9/9
  4147 | D:4      | HP: 2/47 [acid (5)]
  4147 | D:4      | Splashed by a jelly's acid

Illustrated notes

Levels and vault maps discovered:
D:1:      matt_arrival_grand_opening, layout_basic
D:2:      layout_loops_ring, uniq_natasha
D:3:      layout_loops_ring, tso_metal_star,
          shapermc_ecumenical_altar_starsandcircs
D:4:      layout_basic, okawaru_ov_weapons_minmay, serial_park_tiny_1,
          minmay_misc_feat_diagonals

Skill      XL: |  1  2  3  4  5 |
---------------+----------------+-----
Unarmed Combat | 4 5 6 |  6.6
Fighting       | |  2.0
Throwing       | |  0.6
Armour         | |  0.7
Dodging        | |  1.5
Spellcasting   | |  2.0
Translocations | |  3.0

Action                   |  1- 3 |  4- 6 || total
-------------------------+-------+-------++-------
Melee: Unarmed           |    77 |   101 ||   178
       Tailslap          |     9 |    13 ||    22
       Punch             |     1 |     4 ||     5
 Abil: Rolling Charge    |     1 |     1 ||     2
  Use: Potion            |     2 |       ||     2
 Stab: Sleeping          |       |     1 ||     1
Armor: Leather armour    |    16 |    24 ||    40
       Skin              |     2 |       ||     2
Dodge: Dodged            |    27 |    30 ||    57

Table legend: (Time is in decaauts)
 A = Elapsed time spent in this place.
 B = Non-inter-level travel time spent in this place.
 C = Inter-level travel time spent in this place.
 D = Time resting spent in this place.
 E = Time spent auto-exploring this place.
 F = Levels seen in this place.
 G = Mean time per level.
                   A        B        C        D        E       F      G
               +--------+--------+--------+--------+--------+-----+--------+
         Total |   4144 |   3990 |    154 |   1097 |   2363 |   4 | 1036.0 |
       Dungeon |   4144 |   3990 |    154 |   1097 |   2363 |   4 | 1036.0 |
               +--------+--------+--------+--------+--------+-----+--------+

Top non-repeatable levels by time:
     D:3: 1321 daAuts
     D:2: 1199 daAuts
     D:1: 1174 daAuts
     D:4: 449 daAuts
